 Dungeon Crawl Stone Soup version 0.29.1-1-gd02db6906a (webtiles) character file.

Game seed: 13388275633204512285

62 phtz the Chopper (level 3, 0/33 HPs)
             Began as a Minotaur Berserker on Sept 21, 2022.
             Was a Believer of Trog.
             Slain by Robin
             ... wielding a +2 whip of pain
              (2 damage)
             ... on level 1 of the Dungeon.
             The game lasted 00:03:37 (585 turns).

phtz the Chopper (Minotaur Berserker)                Turns: 585, Time: 00:03:38

Health: 0/33       AC:  2    Str: 23    XL:     3   Next: 85%
Magic:  2/2        EV: 12    Int:  4    God:    Trog [**....]
Gold:   73         SH:  5    Dex:  9    Spells: 2/2 levels left

rFire   . . .      SeeInvis .   a - +0 hand axe
rCold   . . .      Faith    .   (no shield)
rNeg    . . .      Spirit   .   b - +0 animal skin
rPois   .          Reflect  +   (helmet restricted)
rElec   .          Harm     .   (no cloak)
rCorr   .          Rampage  .   (no gloves)
Will    .....                   (no boots)
Stlth   +.........              i - amulet of reflection
HPRegen 0.11/turn               (no ring)
MPRegen 0.08/turn               (no ring)

@: no status effects
A: horns 2, retaliatory headbutt
a: Renounce Religion, Berserk, Trog's Hand


You were on level 1 of the Dungeon.
You worshipped Trog.
Trog was pleased with you.
You visited 1 branch of the dungeon, and saw 2 of its levels.

You collected 73 gold pieces.

Inventory:

Hand Weapons
 a - a +0 hand axe (weapon)
Armour
 b - a +0 animal skin (worn)
Jewellery
 i - an amulet of reflection (around neck)
Scrolls
 d - a scroll of poison {unknown}
 e - a scroll of torment {unknown}
 g - a scroll of immolation {unknown}
 h - a scroll of vulnerability {unknown}
Potions
 c - a potion of heal wounds {unknown}
 f - a potion of mutation {unknown}


   Skills:
 - Level 4.1 Fighting
 + Level 4.8 Axes
 - Level 3.0 Armour
 - Level 2.7 Dodging


You had 2 spell levels left.
You didn't know any spells.
Your spell library was empty.

Dungeon Overview and Level Annotations

Branches:
Dungeon (2/15)

Altars:

Annotations:
D:1 Robin
D:2 Natasha


Innate Abilities, Weirdness & Mutations

You have a pair of horns on your head.
You reflexively headbutt those who attack you in melee.


Message History

You kill the goblin!
Trog accepts your kill.
You hit Robin but do no damage.
The goblin no longer looks unusually strong.
The goblin shoots a sling bullet.
The sling bullet closely misses you.
Natasha mumbles some strange words.
Robin's horned helmet rattles.
Robin hits you with a +2 whip of pain!
* * * LOW HITPOINT WARNING * * *
The goblin shoots a sling bullet.
You reflect the sling bullet off an invisible shield around you!
The sling bullet hits the goblin.
You kill the goblin!
Trog accepts your kill.
The goblin shoots a sling bullet.
The sling bullet closely misses you. Robin barely misses you.
Natasha casts a spell.
The goblin shoots a sling bullet.
You reflect the sling bullet off an invisible shield around you!
The sling bullet closely misses the goblin.
The sling bullet barely misses the crimson imp.
There is a stone staircase leading up here.
Robin hits you with a +2 whip of pain.
* * * LOW HITPOINT WARNING * * *
The goblin shoots a sling bullet.
The sling bullet closely misses you.
You climb upwards.
There is a stone staircase leading down here.
You hit Robin but do no damage. Robin closely misses you.
You closely miss Robin. You block Robin's attack.
You hit Robin.
Robin is lightly wounded.
Robin hits you with a +2 whip of pain.
* * * LOW HITPOINT WARNING * * *
You hit Robin but do no damage.
Robin is lightly wounded.
You block Robin's attack.
You hit Robin.
Robin is moderately wounded.
Robin hits you with a +2 whip of pain.
You die...

.#.............#....#######......
)#..##...........###......#......
.##.##.........####........##.###
.##.##........## #............#
..#.##.........# #...........##
#.#.##.........###.........<>#
#.......>.......##...........#
#...##..........g#...........#
..#.##.........#@....(......##
###..##.÷.....#####.........# #
#..††......####...........#
###.####....................#
..#.## #....######..........#
.....###.##.## #..........#
#........##..#####..........#
##....######....###........######
##...## ####.####......†......


You could see Robin.

Vanquished Creatures
  An adder (D:2)
  A dart slug (D:1)
  4 ball pythons (D:1)
  3 bats
  5 endoplasms (D:1)
  3 giant cockroaches
  4 hobgoblins
  A quokka (D:1)
  2 frilled lizards
  14 goblins
  7 rats (D:1)
45 creatures vanquished.

Notes
Turn   | Place    | Note
-------+----------+-------------------------------------------
     0 | D:1      | phtz the Minotaur Berserker began the quest for the Orb.
     0 | D:1      | Reached XP level 1. HP: 19/19 MP: 0/0
   125 | D:1      | Reached XP level 2. HP: 27/27 MP: 1/1
   319 | D:1      | Reached XP level 3. HP: 33/33 MP: 2/2
   440 | D:1      | Reached ** piety under Trog
   565 | D:2      | Noticed Robin
   574 | D:2      | Noticed Natasha
   583 | D:1      | HP: 1/33 [Robin/+2 whip of pain (4)]
   585 | D:1      | Slain by Robin

Illustrated notes

Levels and vault maps discovered:
D:1:      dpeg_arrival_tiny_a, layout_rooms
D:2:      minmay_skewed_foursquare, layout_rooms, basic_ecumenical_altar,
          basic_altar, nicolae_kite_square_tiling_tiny, minivault_23,
          uniq_natasha, uniq_robin

Skill      XL: |  1  2 |
---------------+-------+-----
Axes           | 4 |  4.8
Fighting       | 4 |  4.1
Armour         | 3 |  3.0
Dodging        | |  2.7

Action                   || total
-------------------------++-------
Melee: Hand axe          ||    60
       Headbutt          ||     8
Armor: Animal skin       ||     5
Dodge: Dodged            ||    47
Block: Other             ||    11
       Reflection        ||     3
